 Dungeon Crawl Stone Soup version 0.23.2-40-g277498a001 (webtiles) character file.

Game seed: 3511966071117126593

1071 Frank2 the Chopper (level 7, -5/57 HPs)
             Began as a Demigod Gladiator on Sept 8, 2019.
             Slain by an orc warrior
             ... wielding a +0 scimitar
              (21 damage)
             ... on level 6 of the Dungeon.
             The game lasted 00:06:08 (4835 turns).

Frank2 the Chopper (Demigod Gladiator)              Turns: 4835, Time: 00:06:08

Health: -5/57      AC:  8    Str: 17    XL:     7   Next: 79%
Magic:  9/9        EV: 19    Int: 12    God:
Gold:   331        SH:  0    Dex: 26    Spells: 6/6 levels left

rFire    . . .     SeeInvis .   a - +0 war axe
rCold    . . .     Gourm    .   (no shield)
rNeg     + . .     Faith    .   e - +0 ring mail
rPois    .         Spirit   .   c - +0 helmet
rElec    .         Reflect  .   (no cloak)
rCorr    .         Harm     .   m - +0 pair of gloves
MR       .....                  (no boots)
Stlth    ++........             (no amulet)
HPRegen  0.19/turn              g - ring of positive energy
MPRegen  0.11/turn              (no ring)

@: agile
A: high mp 1
a: no special abilities


You were on level 6 of the Dungeon.
You were not hungry.

You visited 1 branch of the dungeon, and saw 6 of its levels.

You collected 331 gold pieces.

Inventory:

Hand Weapons
 a - a +0 war axe (weapon)
Armour
 c - a +0 helmet (worn)
 e - a +0 ring mail (worn)
 m - a +0 pair of gloves (worn)
Jewellery
 g - a ring of positive energy (left hand)
Wands
 b - a wand of enslavement (6)
Scrolls
 h - 3 scrolls of remove curse
 i - a scroll of teleportation
 l - a scroll of magic mapping {unknown}
 n - a scroll of fog
Potions
 k - a potion of heal wounds
Comestibles
 f - 11 rations


   Skills:
 + Level 3.2 Fighting
 + Level 6.1 Axes
 - Level 1.7 Throwing
 * Level 5.2 Armour
 + Level 3.6 Dodging


You had 6 spell levels left.
You didn't know any spells.
Your spell library was empty.

Dungeon Overview and Level Annotations

Branches:
Dungeon (6/15)             Temple (0/1) D:4


Innate Abilities, Weirdness & Mutations

You have an increased reservoir of magic. (+10% MP)


Message History

The magic dart hits you.
You hit the orc warrior.
The orc warrior is heavily wounded.
You closely miss the black bear.
The black bear bites you but does no damage.
The black bear closely misses you.
The black bear claws you but does no damage.
The orc warrior barely misses you. The black bear closely misses you.
The black bear claws you but does no damage. x2
You feel agile all of a sudden.
The orc wizard points at you and mumbles some strange words.
The magic dart hits you.
* * * LOW HITPOINT WARNING * * *
The orc warrior misses you. The black bear misses you.
The black bear closely misses you. The black bear misses you.
You hit the orc warrior but do no damage.
The orc warrior is heavily wounded.
You barely miss the black bear.
The orc warrior hits you with a +0 scimitar!!
You die...

# ...# #. #>..# #.#
#...# ##.#..#### #...#
.........#####...#####
#..#@....o)........
#..ho..............
......#...............
##.#####.#####...####
# #.# #...# ..# #...#
#### ###...#
######.....#######
#......#....))..†<


You could see an orc warrior, a black bear and an orc wizard.

Vanquished Creatures
  2 ice beasts
  2 ogres (D:6)
  A scorpion (D:3)
  2 crimson imps
  A howler monkey (D:4)
  A bullfrog zombie (D:5)
  A jelly (D:6)
  2 bullfrog skeletons (D:6)
  2 orc priests (D:6)
  4 orc wizards
  An iguana (D:5)
  2 worker ants
  A worker ant zombie (D:5)
  7 adders
  A shadow imp (D:6)
  An ooze (D:2)
  An adder skeleton (D:4)
  A dart slug (D:1)
  2 leopard geckos
  13 orcs
  3 giant cockroaches
  6 goblins
  12 hobgoblins
  9 jackals
  3 quokkas
  A ball python (D:2)
  A ball python skeleton (D:4)
  6 bats
  8 frilled lizards
  9 kobolds
  A leopard gecko skeleton (D:6)
  5 rats
  2 toadstools (D:1)
114 creatures vanquished.

Vanquished Creatures (others)
  2 toadstools (D:1)
2 creatures vanquished.

Grand Total: 116 creatures vanquished

Notes
Turn   | Place    | Note
-------+----------+-------------------------------------------
     0 | D:1      | Frank2 the Demigod Gladiator began the quest for the Orb.
     0 | D:1      | Reached XP level 1. HP: 17/17 MP: 3/3
   282 | D:1      | Reached skill level 3 in Axes
   282 | D:1      | Reached XP level 2. HP: 14/24 MP: 4/4
   325 | D:1      | HP: 1/24 [kobold/+0 whip (1)]
  1090 | D:2      | Reached skill level 1 in Armour
  1163 | D:2      | Reached XP level 3. HP: 9/29 MP: 5/5
  1588 | D:2      | Found a basalt altar of Yredelemnul.
  1755 | D:2      | Found a deep blue altar of Sif Muna.
  1895 | D:2      | Found a burning altar of Makhleb.
  1903 | D:2      | Reached XP level 4. HP: 35/36 MP: 6/6
  2347 | D:3      | Reached skill level 4 in Axes
  2347 | D:3      | Reached XP level 5. HP: 29/42 MP: 7/7
  2686 | D:3      | Noticed an ice beast
  2696 | D:3      | Killed an ice beast
  2858 | D:3      | Reached XP level 6. HP: 47/50 MP: 8/8
  2993 | D:3      | Found a deep blue altar of Sif Muna.
  3102 | D:4      | Found a hide-covered altar of Uskayaw.
  3265 | D:4      | Found a staircase to the Ecumenical Temple.
  3494 | D:5      | Entered Level 5 of the Dungeon
  3535 | D:5      | Reached skill level 5 in Axes
  3588 | D:5      | Reached XP level 7. HP: 36/56 MP: 9/9
  4502 | D:6      | Reached skill level 6 in Axes
  4502 | D:6      | Reached skill level 5 in Armour
  4835 | D:6      | Slain by an orc warrior

Skill      XL: |  1  2  3  4  5  6  7 |
---------------+----------------------+-----
Axes           | 3 4 5 6 |  6.1
Armour         | 1 2 3 4 5 |  5.2
Fighting       | 2 3 |  3.2
Dodging        | 3 |  3.6
Throwing       | |  1.7

Action                   |  1- 3 |  4- 6 |  7- 9 || total
-------------------------+-------+-------+-------++-------
Melee: War axe           |   118 |   162 |   105 ||   385
Throw: Throwing net      |       |     3 |     1 ||     4
  Use: Scroll            |     3 |     4 |     4 ||    11
       Potion            |     1 |     1 |     1 ||     3
 Stab: Held in net/web   |       |     3 |       ||     3
  Eat: Chunk             |     3 |     5 |     5 ||    13
Armor: Leather armour    |    15 |       |       ||    15
       Ring mail         |    14 |    69 |    34 ||   117
Dodge: Dodged            |    79 |   124 |    89 ||   292
